 Dungeon Crawl Stone Soup version 0.28.0 (webtiles) character file.

Game seed: 17105206644060502081

148 issech the Cudgeller (level 5, -1/53 HPs)
             Began as a Troll Monk on Feb 14, 2022.
             Succumbed to Crazy Yiuf's poison
             ... on level 3 of the Dungeon.
             The game lasted 00:09:18 (2407 turns).

issech the Cudgeller (Troll Monk)                   Turns: 2407, Time: 00:09:19

Health: -1/53      AC:  4    Str: 19    XL:     5   Next: 8%
Magic:  4/4        EV: 10    Int:  6    God:
Gold:   98         SH:  0    Dex: 14    Spells: 4/4 levels left

rFire   . . .      SeeInvis .   a - +0 mace
rCold   . . .      Faith    .   (no shield)
rNeg    . . .      Spirit   .   b - +0 robe
rPois   .          Reflect  .   (helmet restricted)
rElec   .          Harm     .   (no cloak)
rCorr   .          Rampage  .   (gloves unavailable)
Will    .....                   (boots unavailable)
Stlth   ++........              (no amulet)
HPRegen 0.97/turn               (no ring)
MPRegen 0.09/turn               (no ring)

@: lethally poisoned (-1 -> -12), hasted, very quick
A: large, unfitting armour, claws 3, regeneration 1, shaggy fur 1, tough skin 1
a: no special abilities


You were on level 3 of the Dungeon.
You visited 1 branch of the dungeon, and saw 3 of its levels.

You collected 98 gold pieces.

Inventory:

Hand Weapons
 a - a +0 mace (weapon)
 n - a +0 hunting sling
Missiles
 d - 101 stones (quivered)
 k - 4 poisoned darts
 o - 5 boomerangs
Armour
 b - a +0 robe (worn)
 f - a scarf of invisibility
Scrolls
 e - a scroll of fear {unknown}
 g - a scroll of teleportation {unknown}
 j - a scroll of immolation {unknown}
 m - a scroll of enchant weapon {unknown}
Potions
 c - a potion of lignification {unknown}
 h - 3 potions of degeneration {unknown}
 i - 2 potions of curing {unknown}
 l - a potion of cancellation {unknown}


   Skills:
 + Level 3.0 Fighting
 + Level 4.1 Maces & Flails
 + Level 3.2 Dodging
 + Level 1.2 Stealth


You had 4 spell levels left.
You didn't know any spells.
Your spell library contained the following spells:

 Spells                   Type           Power      Damage    Failure   Level
 Static Discharge         Conj/Air       0%         N/A       58%         2
 Gell's Gravitas          Tloc           0%         N/A       83%         3
 Lesser Beckoning         Tloc           0%         N/A       83%         3
 Teleport Other           Tloc           0%         N/A       83%         3
 Dispel Undead            Necr           0%         3d6       99%         4
 Sticky Flame             Conj/Fire      0%         2d3       99%         4


Dungeon Overview and Level Annotations

Branches:
Dungeon (3/15)

Altars:
Cheibriados
Dithmenos
Qazlal
Wu Jian
Zin

Shops:
D:1 *

Annotations:
D:3 Crazy Yiuf


Innate Abilities, Weirdness & Mutations

You are too large for most types of armour.
You have claws for hands.
Your natural rate of healing is unusually fast.
You are covered in fur. (AC +1)
You have tough skin. (AC +1)


Message History

Crazy Yiuf is heavily wounded.
* * * LOW HITPOINT WARNING * * *
You feel very sick.
* * * LOW HITPOINT WARNING * * *
You feel very sick.
* * * LOW HITPOINT WARNING * * *
You feel sick.
* * * LOW HITPOINT WARNING * * *
You feel sick.
* * * LOW HITPOINT WARNING * * *
You feel sick.
You feel sick.
You feel sick.
You feel sick.
You feel sick.
You feel sick.
You feel sick.
You are no longer poisoned.
You flicker for a moment.
You flicker back into view.
You start resting.
Crazy Yiuf is nearby!
Crazy Yiuf is nearby!
Crazy Yiuf grits, "Scoff sallow pizzabubble!"
You hit Crazy Yiuf but do no damage.
Crazy Yiuf is heavily wounded.
Crazy Yiuf hits you with a +3 quarterstaff of chaos.
Crazy Yiuf closely misses you.
You closely miss Crazy Yiuf.
Crazy Yiuf is heavily wounded.
Crazy Yiuf hits you with a +3 quarterstaff of chaos!
* * * LOW HITPOINT WARNING * * *
You feel yourself speed up.
You hit Crazy Yiuf.
Crazy Yiuf is heavily wounded.
Crazy Yiuf says, "Liver!"
Crazy Yiuf hits you with a +3 quarterstaff of chaos!
* * * LOW HITPOINT WARNING * * *
You are lethally poisoned!
You die...

##....##.......# #####..........
......##.......####.....########.
......#.......##....##### #.
......#..........#### #.
..............#### ##
......##......# #####
............#.# ########....
......#.#.###.########...........
......#...# #...@.g..............
......#..## #.....####....#######
......#### ####### #....# #######
♣....♣ ♣♣...♣ ♣♣.♣♣ ♣♣.♣ ♣.♣♣
♣♣.♣


You could see Crazy Yiuf.

Vanquished Creatures
  Terence (D:2)
  Robin (D:3)
  3 adders
  A dart slug (D:3)
  3 orcs
  10 endoplasms
  2 giant cockroaches
  14 goblins
  8 hobgoblins
  4 quokkas
  5 ball pythons
  6 bats
  5 frilled lizards
  4 kobolds
  5 rats
  A spectral kobold (D:1)
73 creatures vanquished.

Notes
Turn   | Place    | Note
-------+----------+-------------------------------------------
     0 | D:1      | issech the Troll Monk began the quest for the Orb.
     0 | D:1      | Reached XP level 1. HP: 22/22 MP: 0/0
    30 | D:1      | Found Musytem's General Store.
   361 | D:1      | Reached XP level 2. HP: 29/29 MP: 1/1
   389 | D:1      | Found a faded altar of an unknown god.
   419 | D:1      | Reached skill level 3 in Maces & Flails
   995 | D:2      | Reached XP level 3. HP: 36/36 MP: 2/2
  1608 | D:3      | Noticed Robin
  1722 | D:3      | Killed Robin
  1723 | D:3      | Reached XP level 4. HP: 23/44 MP: 3/3
  1795 | D:3      | Found a runed translucent door.
  1950 | D:3      | Found a glowing silver altar of Zin.
  1955 | D:3      | Found a stormy altar of Qazlal.
  1958 | D:3      | Found an ornate altar of the Wu Jian Council.
  1961 | D:3      | Found a shadowy altar of Dithmenos.
  2027 | D:3      | Noticed Terence
  2091 | D:2      | Killed Terence
  2092 | D:2      | Reached skill level 4 in Maces & Flails
  2182 | D:3      | Reached XP level 5. HP: 52/53 MP: 4/4
  2263 | D:3      | Found a snail-covered altar of Cheibriados.
  2363 | D:3      | Noticed Crazy Yiuf
  2374 | D:3      | HP: 2/53 [poisoned by Crazy Yiuf]
  2379 | D:3      | HP: 1/53 [poisoned by Crazy Yiuf]
  2406 | D:3      | HP: 1/53 [Crazy Yiuf (14)]
  2407 | D:3      | Succumbed to Crazy Yiuf's poison

Illustrated notes

Levels and vault maps discovered:
D:1:      moated_graveyard_arrival, layout_loops_corners, serial_shops, shop,
          dreamdust_ecumenical_altar_drowned_temple
D:2:      layout_basic
D:3:      layout_rooms, grunt_temple_overflow_cloverleaf,
          mainiacjoe_overflow_catwalk, uniq_crazy_yiuf_cottage, uniq_robin,
          uniq_terence

Skill      XL: |  1  2  3  4 |
---------------+-------------+-----
Maces & Flails | 3 4 |  4.1
Dodging        | 3 |  3.2
Fighting       | 3 |  3.0
Stealth        | |  1.2

Action                   |  1- 3 |  4- 6 || total
-------------------------+-------+-------++-------
Melee: Mace              |   125 |    90 ||   215
       Punch             |       |     2 ||     2
 Stab: Sleeping          |     2 |       ||     2
       Invisible         |       |     1 ||     1
Armor: Robe              |    59 |    33 ||    92
Dodge: Dodged            |   103 |    68 ||   171
